 Dungeon Crawl Stone Soup version 0.30.1-9-gdf580d7c3d (webtiles) character file.

Game seed: 1754299078548528538

753 Ijustatesigmund the Digger (level 7, 0/40 HPs)
             Began as a Gargoyle Earth Elementalist on Oct 6, 2023.
             Was an Initiate of Vehumet.
             Killed from afar by a white imp (5 damage)
             ... with a puff of frost
             ... on level 5 of the Dungeon.
             The game lasted 00:09:55 (5298 turns).

Ijustatesigmund the Digger (GrEE)                   Turns: 5298, Time: 00:09:56

Health: 0/40       AC:  7    Str: 11    XL:     7   Next: 79%
Magic:  5/13       EV: 12    Int: 18    God:    Vehumet [......]
Gold:   193        SH:  0    Dex: 15    Spells: 10/14 levels left

rFire   . . .        o - +3 whip
rCold   . . .        (no shield)
rNeg    + . .        a - +0 robe of Mental Paralysis {rPois Dex+5}
rPois   ∞            (no helmet)
rElec   +            (no cloak)
rCorr   .            (no gloves)
SInv    .            e - +0 pair of boots
Will    .....        (no amulet)
Stlth   ++           (no ring)
HPRegen 0.26/turn    (no ring)
MPRegen 0.13/turn

%: no passive effects
@: no status effects
A: sickness immunity, AC +4, negative energy resistance 1, electricity
resistance, torment resistance 1, petrification resistance
a: Renounce Religion


You were on level 5 of the Dungeon.
You worshipped Vehumet.
Vehumet was noncommittal.
You visited 2 branches of the dungeon, and saw 6 of its levels.

You collected 193 gold pieces.

Inventory:

Hand Weapons
 o - a +3 whip (weapon)
Armour
 a - the +0 robe of Mental Paralysis (worn) {rPois Dex+5}
   (You found it on level 3 of the Dungeon)

   Dex:       It affects your dexterity (+5).
   rPois:     It protects you from poison.
 e - a +0 pair of boots (worn)
Wands
 q - a wand of charming (10)
Scrolls
 c - 7 scrolls of identify {unknown}
 f - a scroll of magic mapping {unknown}
 g - a scroll of fog {unknown}
 h - a scroll of blinking {unknown}
 i - a scroll of vulnerability {unknown}
 j - 3 scrolls of teleportation {unknown}
 m - 2 scrolls of poison {unknown}
 n - a scroll of fear {unknown}
 p - 3 scrolls of immolation {unknown}
 t - 2 scrolls of amnesia {unknown}
Potions
 b - a potion of magic
 d - 2 potions of lignification {unknown}
 l - a potion of haste {unknown}
 r - a potion of berserk rage {unknown}
 s - 2 potions of resistance {unknown}
 u - a potion of cancellation {unknown}
 v - a potion of brilliance {unknown}


   Skills:
 - Level 2.6 Fighting
 + Level 2.3 Maces & Flails
 - Level 1.5 Dodging
 - Level 2.1 Stealth
 + Level 4.4 Spellcasting
 + Level 4.1 Conjurations
 - Level 0.7 Transmutations
 + Level 6.3 Earth Magic


You had 10 spell levels left.
You knew the following spells:

 Your Spells              Type           Power      Damage    Failure   Level
a - Sandblast             Erth           54%        2d13      1%          1
b - Stone Arrow           Conj/Erth      46%        3d9       4%          3

Your spell library contained the following spells:

 Spells                   Type           Power      Damage    Failure   Level
 Passwall                 Tmut/Erth      13%        N/A       4%          2
 Ensorcelled Hibernation  Hex/Ice        6%         N/A       22%         2
 Petrify                  Tmut/Erth      16%        N/A       32%         4
 Ignite Poison            Fire/Tmut/Pois 4%         N/A       36%         3
 Swiftness                Air            3%         N/A       38%         3
 Sticky Flame             Conj/Fire      11%        2d3       52%         4
 Ignition                 Fire           1%         3d3       100%        8


Dungeon Overview and Level Annotations

Branches:
Dungeon (5/15)             Temple (1/1) D:5

Altars:
Fedhas
Kikubaaqudgha
Makhleb
Nemelex Xobeh
Qazlal
Sif Muna
Vehumet
Wu Jian
Xom
The Shining One

Annotations:
D:3 2 transporters, kwasso's ghost, weakling AtHW


Innate Abilities, Weirdness & Mutations

You are immune to sickness and miasma.
Your stone body is resilient. (AC +4)
You are immune to poison.
You resist negative energy. (rN+)
You are resistant to electric shocks. (rElec)
You are resistant to unholy torment.
You are immune to petrification.


Message History

Confirm with . or Enter, or press ? or * to list all spells.
Aiming: Stone Arrow (dangerous; 5% risk of failure)
Press: ? - help, Shift-Dir - straight line, f/p - scorpion
Aim: a scorpion (moderately wounded, 71% to hit)
The stone arrow hits the scorpion!
You kill the scorpion!
Vehumet accepts your kill. The white imp gestures at you.
The puff of frost hits you.
* * * LOW HITPOINT WARNING * * *
Casting: Stone Arrow (dangerous; 4% risk of failure)
Confirm with . or Enter, or press ? or * to list all spells.
Aiming: Sandblast (safe; 1% risk of failure)
Press: ? - help, Shift-Dir - straight line, f - white imp
Aim: a white imp (83% to hit)
The blast of sand hits the white imp.
The white imp is heavily wounded.
The white imp gestures at you. The puff of frost hits you.
* * * LOW HITPOINT WARNING * * *
Casting: Sandblast (safe; 1% risk of failure)
Confirm with . or Enter, or press ? or * to list all spells.
Aiming: Sandblast (safe; 1% risk of failure)
Press: ? - help, Shift-Dir - straight line, f/p - white imp
Aim: a white imp (heavily wounded, 83% to hit)
The blast of sand hits the white imp.
The white imp is almost dead.
The white imp hits you but does no damage.
Casting: Sandblast (safe; 1% risk of failure)
Confirm with . or Enter, or press ? or * to list all spells.
Aiming: Sandblast (safe; 1% risk of failure)
Press: ? - help, Shift-Dir - straight line, f/p - white imp
Aim: a white imp (almost dead, 83% to hit)
The blast of sand misses the white imp.
The white imp gestures at you. The puff of frost hits you.
* * * LOW HITPOINT WARNING * * *
The white imp gestures at you. The puff of frost hits you.
You die...

#...... . #.....
..###..... #
.........####.#.
................
..........(.5... ..
..........†..... ..#
##### .........#### #.#
#.... .........5@.# #.#
#.### ###########.# #.#
#.#.. .........# #.#
#....
.........#.####.######.#
.........#...........#..
########.######.####.###
####.#.........#.#..
#.##.#......#.##.#.#
#.##.########.##.#.#


You could see a white imp.

Vanquished Creatures
  Grinder (D:3)
  An ogre (D:5)
  2 scorpions (D:5)
  A howler monkey (D:5)
  An orc priest (D:4)
  3 orc wizards (D:4)
  4 gnolls (D:5)
  6 adders
  3 dart slugs (D:2)
  2 worms (D:2)
  12 orcs
  8 ball pythons
  5 bats
  7 endoplasms
  2 giant cockroaches (D:1)
  6 goblins
  9 hobgoblins
  11 jackals
  4 quokkas
  2 frilled lizards
  8 kobolds
  7 rats
105 creatures vanquished.

Notes
Turn   | Place    | Note
-------+----------+-------------------------------------------
     0 | D:1      | Ijustatesigmund the Gargoyle Earth Elementalist began the
                  | quest for the Orb.
     0 | D:1      | Reached XP level 1. HP: 10/10 MP: 3/3
   221 | D:1      | Reached XP level 2. HP: 16/16 MP: 3/5
   347 | D:1      | Reached skill level 1 in Fighting
   517 | D:1      | Reached skill level 4 in Earth Magic
   662 | D:1      | Reached XP level 3. HP: 20/20 MP: 4/6
   666 | D:1      | Learned a level 3 spell: Stone Arrow
  1444 | D:2      | Reached skill level 1 in Conjurations
  1681 | D:2      | Reached XP level 4. HP: 25/25 MP: 3/8
  2086 | D:3      | Noticed Grinder
  2089 | D:3      | Paralysed by Grinder for 2 turns
  2093 | D:3      | Killed Grinder
  2094 | D:3      | Reached skill level 5 in Earth Magic
  2094 | D:3      | Reached XP level 5. HP: 20/29 MP: 1/10
  2094 | D:3      | Reached XP level 6. HP: 24/34 MP: 1/11
  2384 | D:3      | Found a shimmering altar of Xom.
  2407 | D:3      | Noticed kwasso's ghost (weakling AtHW)
  2408 | D:3      | Found a transporter.
  2417 | D:3      | Found a transporter.
  2470 | D:3      | Identified the +0 robe of Mental Paralysis {rPois Dex+5}
  3298 | D:4      | Reached skill level 1 in Maces & Flails
  3689 | D:4      | Reached XP level 7. HP: 40/40 MP: 7/13
  4723 | D:5      | Entered Level 5 of the Dungeon
  4747 | D:5      | Reached skill level 6 in Earth Magic
  4761 | D:5      | Found a staircase to the Ecumenical Temple.
  4783 | Temple   | Entered the Ecumenical Temple
  4875 | Temple   | Became a worshipper of Vehumet
  5298 | D:5      | Killed from afar by a white imp

Illustrated notes

Levels and vault maps discovered:
D:1:      tarquinn_simple_flora_water_e, layout_basic, serial_forest,
          infiniplex_forest_clump_cross, infiniplex_forest_zigzag_2,
          infiniplex_forest_clump_double, infiniplex_forest_clump_small,
          infiniplex_forest_lined_4_way, infiniplex_forest_straight_2,
          infiniplex_forest_lined_2
D:2:      layout_loops_cross
D:3:      layout_basic, xom_teletrap_fun, nicolae_overflow_hidden_temple,
          gammafunk_ghost_mausoleum, uniq_grinder
D:4:      layout_layer_cave, palyth_stone_intersect, mrwooster_statue_mirror,
          kennysheep_opposing_triangles
D:5:      layout_basic, minmay_temple_entry_glassed_door
Temple:   jpeg_temple_island

Skill      XL: |  1  2  3  4  5  6  7 |
---------------+----------------------+-----
Fighting       | 1 2 |  2.6
Earth Magic    | 4 5 6 |  6.3
Conjurations   | 1 3 4 |  4.1
Spellcasting   | 3 4 |  4.4
Maces & Flails | 1 2 |  2.3
Dodging        | |  1.5
Stealth        | |  2.1
Transmutations | |  0.7

Action                     |  1- 3 |  4- 6 |  7- 9 || total
---------------------------+-------+-------+-------++-------
  Melee: Whip              |       |    23 |    37 ||    60
         Punch             |       |     1 |     2 ||     3
   Cast: Sandblast         |    54 |    63 |    40 ||   157
         Stone Arrow       |       |     2 |     1 ||     3
    Use: Potion            |       |       |     2 ||     2
   Stab: Sleeping          |       |     1 |       ||     1
 Armour: Robe              |     5 |    20 |    23 ||    48
  Dodge: Dodged            |    16 |    30 |    33 ||    79
